 Dungeon Sprint DCSS version 0.26.1-11-gd32895ea62 (webtiles) character file.

Game seed: 8749780632980580580

10899 Zeld the Severer (level 11, -6/120 (121) HPs)
             Began as a Minotaur Berserker on Sept 3, 2021.
             Was the Champion of Trog.
             Mangled by a hell knight
             ... wielding a +2 halberd of distortion
              (20 damage)
             ... in the Dungeon (Sprint VII: "The Pits").
             The game lasted 00:03:55 (3040 turns).

Zeld the Severer (Minotaur Berserker)               Turns: 3040, Time: 00:03:55

HP:   -6/120 (121)  AC: 21    Str: 28    XL:     11   Next: 42%
MP:   10/10         EV: 16    Int:  4    God:    Trog [******]
Gold: 0             SH:  0    Dex: 10    Spells: 10/10 levels left

rFire    . . .     SeeInvis .   a - +3 war axe (flame)
rCold    . . .     Faith    .   (no shield)
rNeg     . . .     Spirit   .   l - +2 plate armour
rPois    .         Reflect  .   (helmet restricted)
rElec    .         Harm     .   o - +0 cloak
rCorr    .         Rampage  .   n - +0 pair of gloves
Will     .....     NoTele   +   (no boots)
Stlth    ..........             (no amulet)
HPRegen  0.30/turn              m - +3 ring of strength
MPRegen  0.12/turn              b - +3 ring of evasion

@: berserk cooldown, slowed, lightly drained, very slow
A: retaliatory headbutt, horns 2
a: Renounce Religion, Berserk, Trog's Hand, Brothers in Arms


You were in the Dungeon.
You worshipped Trog.
Trog was exalted by your worship.
You visited 1 branch

Inventory:

Hand Weapons
 a - a +3 war axe of flaming (weapon)
 p - a +6 antimagic broad axe
Armour
 l - a +2 plate armour (worn)
 n - a +0 pair of gloves (worn)
 o - a +0 cloak (worn)
Jewellery
 b - a +3 ring of evasion (right hand)
 m - a +3 ring of strength (left hand)
Scrolls
 h - a scroll of blinking
 j - 3 scrolls of remove curse
 k - a scroll of summoning
Potions
 c - 6 potions of curing
 d - 8 potions of heal wounds
 e - 2 potions of haste
 f - 4 potions of magic
 g - 5 potions of berserk rage
 i - 2 potions of invisibility


   Skills:
 * Level 18.6 Fighting
 * Level 18.8 Axes
 + Level 13.8 Armour
 + Level 12.8 Dodging


You had 10 spell levels left.
You didn't know any spells.
Your spell library was empty.

Dungeon Overview and Level Annotations

Branches:
Dungeon (1/1)

Altars:
Ashenzari
Cheibriados
Dithmenos
Elyvilon
Fedhas
Gozag
Hepliaklqana
Kikubaaqudgha
Makhleb
Nemelex Xobeh
Okawaru
Qazlal
Ru
Sif Muna
Trog
Uskayaw
Vehumet
Wu Jian
Xom
Yredelemnul
Zin
The Shining One
Beogh
Jiyva
Lugonu


Innate Abilities, Weirdness & Mutations

You reflexively headbutt those who attack you in melee.
You have a pair of horns on your head.


Message History

You are exhausted.
You feel yourself slow down.
Something unseen opens the door.
The hell knight points at you and mumbles some strange words.
The puff of flame hits you!
* * * LOW HITPOINT WARNING * * *
You feel much better.
The hell knight hits you from afar with a +2 halberd of distortion!
* * * LOW HITPOINT WARNING * * *
Space bends around you.
* * * LOW HITPOINT WARNING * * *
The hell knight gestures at you while chanting.
Pain shoots through your body!
* * * LOW HITPOINT WARNING * * *
The hell knight barely misses you. The hell knight misses you.
You feel much better.
The necromancer's soul is no longer bound.
The hell knight hits you from afar with a +2 halberd of distortion!
* * * LOW HITPOINT WARNING * * *
Space warps horribly around you!!
You die...

############### ### ##
.....)........###..# ...
#....))........#..## #.#.
###..)#'######...##......
..#####.##...##÷##.#.#.#.
....##...#...#...#.......
.....#...#..)#...#°4.....
.....'...'.).)...ppp.....
.....#...#...#..@#)......
....##...#...#...#.......
..#####.##...##'##.#.#.#.
###...#'######...##......
#......))).....#..## #.#.
..............###.)# ...
############### #### ##


You could see 2 hell knights, a necromancer and a red devil.

Vanquished Creatures
  A death yak (D)
  Sonja (D)
  An unseen horror (D)
  2 hell knights (D)
  A wizard (D)
  A necromancer (D)
  A manticore (D)
  A cyclops (D)
  A black mamba (D)
  A cane toad (D)
  A gargoyle (D)
  A rime drake (D)
  2 hellwings (D)
  2 komodo dragons (D)
  2 ice devils (D)
  A red devil (D)
  A hornet (D)
  A polar bear (D)
  2 redbacks (D)
  5 yaks (D)
  A wyvern (D)
  6 vampire mosquitoes (D)
  A swamp drake (D)
  2 black bears (D)
  A sky beast (D)
  2 ice beasts (D)
  A necrophage (D)
  2 ogres (D)
  A bullfrog (D)
  5 wights (D)
  6 killer bees (D)
  2 orc priests (D)
  An iron imp (D)
  2 orc wizards (D)
  A hell rat (D)
  3 gnolls (D)
  2 river rats (D)
  A white imp (D)
  An ufetubus (D)
  2 oozes (D)
  7 orcs (D)
  A ball python (D)
  A giant cockroach (D)
  5 jackals (D)
  A quokka (D)
  A ball python zombie (D)
  2 bats (D)
90 creatures vanquished.

Vanquished Creatures (others)
  A jackal (D)
1 creature vanquished.

Grand Total: 91 creatures vanquished

Notes
Turn   | Place    | Note
-------+----------+-------------------------------------------
     0 | D        | Zeld the Minotaur Berserker began the quest for the Orb.
     0 | D        | Reached XP level 1. HP: 19/19 MP: 0/0
    15 | D        | Reached ** piety under Trog
   260 | D        | Found a bloodstained altar of Trog.
   260 | D        | Found a shimmering blue altar of Sif Muna.
   260 | D        | Found a viscous altar of Jiyva.
   260 | D        | Found a hazy altar of Hepliaklqana.
   260 | D        | Found an opulent altar of Gozag.
   261 | D        | Found a glowing golden altar of the Shining One.
   261 | D        | Found a glowing silver altar of Zin.
   261 | D        | Found a basalt altar of Yredelemnul.
   261 | D        | Found a shimmering altar of Xom.
   261 | D        | Found an ornate altar of the Wu Jian Council.
   261 | D        | Found a sacrificial altar of Ru.
   261 | D        | Found a stormy altar of Qazlal.
   261 | D        | Found an iron altar of Okawaru.
   261 | D        | Found a sparkling altar of Nemelex Xobeh.
   261 | D        | Found a burning altar of Makhleb.
   261 | D        | Found a blossoming altar of Fedhas.
   261 | D        | Found a white marble altar of Elyvilon.
   261 | D        | Found a shadowy altar of Dithmenos.
   261 | D        | Found a snail-covered altar of Cheibriados.
   263 | D        | Found a radiant altar of Vehumet.
   263 | D        | Found a corrupted altar of Lugonu.
   263 | D        | Found a roughly hewn altar of Beogh.
   264 | D        | Found an ancient bone altar of Kikubaaqudgha.
   264 | D        | Found a hide-covered altar of Uskayaw.
   264 | D        | Found a broken altar of Ashenzari.
   306 | D        | Reached XP level 2. HP: 14/28 MP: 1/1
   470 | D        | Reached skill level 5 in Fighting
   470 | D        | Reached skill level 5 in Axes
   618 | D        | Reached *** piety under Trog
   623 | D        | Reached XP level 3. HP: 36/36 MP: 2/2
   810 | D        | Noticed a black bear
   811 | D        | Noticed a sky beast
   819 | D        | Reached **** piety under Trog
   822 | D        | Killed a sky beast
   823 | D        | Reached skill level 5 in Armour
   823 | D        | Reached XP level 4. HP: 48/48 MP: 3/3
   825 | D        | Reached skill level 5 in Dodging
   825 | D        | Reached XP level 5. HP: 56/56 MP: 4/4
   832 | D        | Killed a black bear
   833 | D        | Reached XP level 6. HP: 66/66 MP: 5/5
   833 | D        | Reached ***** piety under Trog
   835 | D        | Reached skill level 10 in Fighting
   835 | D        | Reached skill level 10 in Axes
   840 | D        | Received a gift from Trog
   949 | D        | Reached XP level 7. HP: 66/74 MP: 6/6
  1035 | D        | Noticed a redback
  1044 | D        | Killed a redback
  1283 | D        | Reached ****** piety under Trog
  1357 | D        | Noticed a hellwing
  1357 | D        | Noticed a redback
  1361 | D        | Killed a redback
  1362 | D        | Reached XP level 8. HP: 85/85 MP: 7/7
  1369 | D        | Killed a hellwing
  1369 | D        | Received a gift from Trog
  1724 | D        | Noticed a death yak
  1732 | D        | Killed a death yak
  1733 | D        | Reached skill level 10 in Armour
  1852 | D        | Noticed a polar bear
  1853 | D        | Noticed a rime drake
  1853 | D        | Noticed a cyclops
  1855 | D        | Killed a polar bear
  1856 | D        | Reached XP level 9. HP: 95/95 MP: 8/8
  1856 | D        | Received a gift from Trog
  1857 | D        | Killed a cyclops
  1860 | D        | Killed a rime drake
  1861 | D        | Reached skill level 10 in Dodging
  1863 | D        | Reached skill level 15 in Axes
  1972 | D        | Noticed an ice devil
  1972 | D        | Noticed a cane toad
  1972 | D        | Noticed a black mamba
  1974 | D        | Killed a black mamba
  1975 | D        | Reached skill level 15 in Fighting
  1977 | D        | Killed a cane toad
  1977 | D        | Received a gift from Trog
  1984 | D        | Killed an ice devil
  2222 | D        | Noticed a manticore
  2614 | D        | Killed a manticore
  2615 | D        | Reached XP level 10. HP: 107/107 MP: 9/9
  2735 | D        | Noticed a gargoyle
  2740 | D        | Killed a gargoyle
  2741 | D        | Received a gift from Trog
  2749 | D        | Received a gift from Trog
  2903 | D        | Noticed a wizard
  2914 | D        | Killed a wizard
  3003 | D        | Noticed Sonja
  3003 | D        | Noticed a hell knight
  3003 | D        | Noticed a hell knight
  3003 | D        | Noticed a necromancer
  3003 | D        | Noticed a necromancer
  3003 | D        | Noticed a hell knight
  3003 | D        | Noticed a hell knight
  3003 | D        | Noticed a hell knight
  3006 | D        | Received a gift from Trog
  3013 | D        | Killed a hell knight
  3013 | D        | Received a gift from Trog
  3013 | D        | Killed an unseen horror
  3014 | D        | Reached XP level 11. HP: 118/118 MP: 10/10
  3017 | D        | Killed Sonja
  3019 | D        | Received a gift from Trog
  3027 | D        | Killed a necromancer
  3027 | D        | Received a gift from Trog
  3032 | D        | Killed a hell knight
  3038 | D        | HP: 4/120 [hell knight/puff of flame (11)]
  3040 | D        | Mangled by a hell knight

Illustrated notes

Levels and vault maps discovered:
D:        pitsprint [storerooms_1, entrance_room_1, metal_vault_1, armoury_3,
          mini_pit_1, grid_room_1, main_hall_1, silver_pit, the_coven_2,
          the_vestibule_1, steel_vault_2, golden_pit, hallway_of_sentries,
          crystal_vault_1, iron_vault_1, final_vault]

Skill      XL: |  1  2  3  4  5  6  7  8  9 10 11 |
---------------+----------------------------------+-----
Fighting       | 4 5 7 8 9 11 12 14 15 17 18 | 18.6
Axes           | 4 5 7 8 9 11 12 14 15 17 18 | 18.8
Armour         | 3 5 6 7 8 10 11 13 | 13.8
Dodging        | 3 4 5 6 7 8 9 10 12 | 12.8

Action                   |  1- 3 |  4- 6 |  7- 9 | 10-12 || total
-------------------------+-------+-------+-------+-------++-------
Melee: Hand axe          |    27 |    22 |    24 |       ||    73
       Headbutt          |     4 |     6 |     9 |     7 ||    26
       Battleaxe         |       |       |    15 |       ||    15
       War axe           |       |       |    11 |    57 ||    68
Invok: Berserk           |     1 |       |     6 |     4 ||    11
  Use: Potion            |       |       |       |     2 ||     2
Armor: Animal skin       |     5 |       |       |       ||     5
       Plate armour      |     4 |     7 |    16 |    26 ||    53
Dodge: Dodged            |    22 |     5 |    23 |    43 ||    93
